woodfighter, neutral female human Wizard --- --------- ---------- ###f-@+ |..-....+ |........| |u| |..|....| |........ |.----+-----....----+--+----- | |........| |...............................| |........| |.-+-----+--.......-+----+--- + |........| |.| |......{| |.......<| +.| |.......| ---------- |.- -.......| |. ..{....| |.- ------.-- |.+ .| |.| + |.| |.- |. --- woodfighter the Thaumaturge Experience level: 6 Strength: 10 Dexterity: 12 Constitution: 12 Intelligence: 17 Wisdom: 18 Charisma: 8 Health: 0(40) Energy: 73(73) Def: 1 Gold: 364 Moves: 2090 Dungeon seed: 8gstAHdjYkdmCSpm Game ID: woodfighter_1448216425 Your Inventory: Coins $ - 364 gold pieces Amulets J - an uncursed amulet of unchanging Weapons a - a blessed +1 quarterstaff (weapon in hands) B - a +0 elven dagger Armor e - an uncursed +0 cloak of magic resistance (being worn) u - an uncursed +0 dwarvish cloak z - an uncursed +0 dwarvish cloak A - an uncursed +0 dwarvish cloak D - a blessed +0 dwarvish cloak Y - a blessed +1 dwarvish cloak Comestibles g - 5 uncursed food rations C - an uncursed pizza Scrolls h - an uncursed scroll of identify k - an uncursed scroll of gold detection m - a cursed scroll of create monster n - an uncursed scroll of destroy armor o - an uncursed scroll of teleportation t - an uncursed scroll of enchant weapon H - a cursed scroll of blank paper Spellbooks b - a blessed spellbook of force bolt c - an uncursed spellbook of detect monsters Potions F - an uncursed potion of paralysis Wands d - a wand of nothing (0:6) x - a wand of polymorph (0:6) Tools f - an uncursed partly used tallow candle (lit) (0:54) p - 5 uncursed wax candles (0:400) s - 2 uncursed tallow candles (0:200) v - an uncursed blindfold Gems q - 4 uncursed worthless pieces of red glass r - an uncursed worthless piece of yellow glass y - 2 uncursed worthless pieces of blue glass E - an uncursed topaz stone N - 2 uncursed worthless pieces of green glass Spells and supernatural/magical abilities: Name Level Category Fail Memory a - force bolt 1 attack 0% 90% n - detect monsters 1 divination 0% 90% W - pray for help -- divine ? -- Your skills at the end: Miscellaneous Skills wands [Basic] Weapon Skills quarterstaff [Basic] Spellcasting Skills attack spells [Basic] enchantment spells [Basic] Final Attributes: You were devoutly aligned. You were poison resistant. You were magic-protected. You are dead. Vanquished creatures: a shrieker 4 gnome lords a black naga hatchling 3 elf zombies 3 giant ants a kitten 5 dwarves a homunculus a giant bat 2 dwarf zombies a wererat a werejackal a gas spore a hobbit a gecko a red mold 16 gnomes 5 garter snakes a gnome zombie 2 jackals a fox 4 newts a goblin a sewer rat 7 grid bugs 3 lichens 69 creatures vanquished. Voluntary challenges: You did not adorn yourself with jewelry or accessories. You had been an atheist until turn 1936. You used a wielded weapon 52 times, starting on turn 4. You did not use containers. You did not apply a unicorn horn. You were illiterate. You never genocided any monsters. You never polymorphed an object. You never changed form. You used no wishes. You never split a pudding. You never wrote Elbereth's name. You never violated your personal moral code. Dungeon overview: The Dungeons of Doom: levels 1 to 4 Level 1 a long staircase Level 2 (locked box) a bookstore Level 3 a fountain stairs to The Gnomish Mines Level 4 The Gnomish Mines: levels 4 to 6 Level 4 stairs to The Dungeons of Doom Level 5 Level 6 <- You were here some fountains History has recorded: On T:1 you entered the Dungeons of Doom to retrieve the Amulet of Yendor! On T:367 you advanced to experience level 2. On T:401 you reached level 2 of The Dungeons of Doom. On T:455 you reached level 3 of The Dungeons of Doom. On T:823 you advanced to experience level 3. On T:894 you reached level 1 of The Gnomish Mines. On T:953 you reached level 4 of The Dungeons of Doom. On T:1327 you advanced to experience level 4. On T:1351 you reached level 2 of The Gnomish Mines. On T:1431 you advanced to experience level 5. On T:1834 you reached level 3 of The Gnomish Mines. On T:1920 you advanced to experience level 6. Score breakdown: Gold: 364 ( 36 points) Experience: 6 levels ( 500 points) Exploration: 6 levels ( 150 points) Discoveries: 2 items ( 100 points) Variety of kills: 26 monsters ( 1300 points) Major goal: (nothing yet) ( 0 points) Survival: died (score multiplied by 3) Total score: 6258 Latest messages: You stop exploring. Kitty eats a dwarf corpse. The white unicorn butts! You die... Final status: Goodbye woodfighter the Wizard, killed by a white unicorn... You died in The Gnomish Mines on dungeon level 6 with 6258 points, and 364 pieces of gold, after 2090 moves. You were level 6 with a maximum of 40 hit points when you died.